 Dungeon Crawl Stone Soup version 0.31.0-11-ge490571c62 (webtiles) character file.

Game seed: 10616555533478540670

354 Arctor the Magician (level 6, -4/31 (32) HPs)
             Began as a Deep Elf Fire Elementalist on Feb 8, 2024.
             Slain by a wight
             ... wielding a +0 spear
              (8 damage)
             ... on level 3 of the Dungeon.
             The game lasted 00:03:25 (3913 turns).

Arctor the Magician (Deep Elf Fire Elementalist)    Turns: 3913, Time: 00:03:26

HP:   -4/31 (32)    AC:  4    Str:  5    XL:     6   Next: 35%
MP:   10/15         EV: 13    Int: 22    God:
Gold: 159           SH:  0    Dex: 15    Spells: 8/14 levels left

rFire   . . .        p - +5 short sword
rCold   . . .        (no shield)
rNeg    . . .        a - +0 robe
rPois   .            (no helmet)
rElec   .            (no cloak)
rCorr   .            (no gloves)
SInv    .            l - +1 pair of boots
Will    .....        (no amulet)
Stlth   +++          (no ring)
HPRegen 0.25/turn    (no ring)
MPRegen 0.14/turn

%: no passive effects
@: lightly drained
A: no striking features
a: no special abilities


You were on level 3 of the Dungeon.
You visited 1 branch of the dungeon, and saw 4 of its levels.

You collected 159 gold pieces.

Inventory:

Hand Weapons
 p - a +5 short sword (weapon)
Missiles
 i - a throwing net
 q - 6 poisoned darts
Armour
 a - a +0 robe (worn)
 l - a +1 pair of boots (worn)
Wands
 o - a wand of digging (5)
Scrolls
 c - a scroll of enchant armour
 g - a scroll of teleportation
 j - a scroll of enchant weapon {unknown}
 k - a scroll of immolation {unknown}
 m - a scroll of amnesia {unknown}
Potions
 b - 2 potions of magic
 d - 2 potions of might {unknown}
 e - a potion of curing {unknown}
 f - 2 potions of heal wounds {unknown}
 n - a potion of haste {unknown}


   Skills:
 + Level 4.2 Dodging
 + Level 4.5 Stealth
 + Level 4.7 Spellcasting
 + Level 3.2 Conjurations
 + Level 4.6 Fire Magic


You had 8 spell levels left.
You knew the following spells:

 Your Spells              Type           Power      Damage    Failure   Level
a - Foxfire               Conj/Fire      88%        2x1d8     1%          1
b - Scorch                Fire           50%        2d7       2%          2
c - Dazzling Flash        Conj/Hex       24%        N/A       16%         3

Your spell library contained the following spells:

 Spells                   Type           Power      Damage    Failure   Level
 Inner Flame              Hex/Fire       15%        N/A       12%         3
 Volatile Blastmotes      Fire/Tloc      30%        2d12      12%         3
 Mephitic Cloud           Conj/Alch/Air  9%         N/A       21%         3
 Flame Wave               Conj/Fire      22%        2d8       21%         4
 Call Canine Familiar     Summ           5%         N/A       30%         3
 Sigil of Binding         Hex            5%         N/A       30%         3
 Dimensional Bullseye     Hex/Tloc       2%         N/A       71%         4
 Curse of Agony           Necr           5%         N/A       96%         5
 Silence                  Hex/Air        2%         N/A       96%         5


Dungeon Overview and Level Annotations

Branches:
Dungeon (4/15)
 Temple: D:4-7

Altars:

Annotations:
D:3 3 runed translucent doors, TheBioAlchemist's ghost, amateur OnWr


Message History

* * * LOW HITPOINT WARNING * * *
The wight closely misses you.
The wight is no longer more vulnerable to fire.
Casting: Scorch (safe; 2% risk of failure)
Confirm with . or Enter, or press ? or * to list all spells.
Flames lash the wight.
The wight is moderately damaged.
The wight's fire resistance burns away.
The wight closely misses you. The wight attacks as it pursues you!
The wight misses you. The wight attacks as it pursues you!
The wight hits you with a +4 dire flail.
* * * LOW HITPOINT WARNING * * *
You feel drained. The wight misses you.
You see here a +0 club.
The wight attacks as it pursues you!
The wight hits you with a +4 dire flail.
* * * LOW HITPOINT WARNING * * *
The wight attacks as it pursues you! The wight barely misses you.
Casting: Scorch (safe; 2% risk of failure)
Confirm with . or Enter, or press ? or * to list all spells.
Flames lash the wight.
The wight is severely damaged.
The wight's fire resistance burns away.
Casting: Scorch (safe; 2% risk of failure)
Confirm with . or Enter, or press ? or * to list all spells.
Flames lash the wight.
The wight is burned terribly!
You destroy the wight!
The wight hits you but does no damage.
Your life force feels restored.
You see here a +0 club.
The wight attacks as it pursues you!
The wight hits you from afar with a +0 spear.
* * * LOW HITPOINT WARNING * * *
You feel drained.
Things that are here:
a +0 leather armour; 4 stones; a +0 club The wight attacks as it pursues you!
The wight hits you from afar with a +0 spear!
You die...

#.######..## ##.#..
#...# #...# #..#..
###.## #.#.# #.####
#..###...# #.#
#)..###..# #.#
#.#......# #.#
#z#####..# #># #.##
#..# #.####
#@.####..####.##..
##<...##.....#.##.#
#..##.###......##.#
#.###.# ##.....#.)#
#.# #.# ##......<##
#.# #.###.........#
#.# #.##.....)....[
#.# #.##...........
##.#
#..#...........


You could see a wight.

Vanquished Creatures
  4 wights
  A howler monkey (D:3)
  4 adders
  2 ribbon worms
  2 dart slugs (D:1)
  5 orcs (D:3)
  5 bats
  5 endoplasms
  3 giant cockroaches
  5 hobgoblins
  6 kobolds
  A quokka (D:1)
  8 ball pythons
  4 frilled lizards (D:2)
  5 goblins
  9 rats
69 creatures vanquished.

Vanquished Creatures (collateral kills)
  5 foxfires (D:2)
5 creatures vanquished.

Vanquished Creatures (others)
  296 foxfires
296 creatures vanquished.

Grand Total: 370 creatures vanquished

Notes
Turn   | Place    | Note
-------+----------+-------------------------------------------
     0 | D:1      | Arctor the Deep Elf Fire Elementalist began the quest for
                  | the Orb.
     0 | D:1      | Reached XP level 1. HP: 10/10 MP: 6/6
   308 | D:1      | Reached XP level 2. HP: 15/15 MP: 1/8
   450 | D:1      | Learned a level 2 spell: Scorch
  1524 | D:2      | Reached XP level 3. HP: 19/19 MP: 5/9
  1790 | D:2      | Learned a level 3 spell: Dazzling Flash
  2339 | D:2      | Reached XP level 4. HP: 24/24 MP: 7/11
  2445 | D:2      | You fall into a shaft and drop 1 floor!
  2860 | D:3      | Found a runed translucent gate.
  2865 | D:3      | Found a runed translucent gate.
  2866 | D:3      | Found a runed translucent gate.
  2868 | D:3      | Noticed TheBioAlchemist's ghost (amateur OnWr)
  2868 | D:3      | Noticed a kobold brigand
  3089 | D:3      | Reached XP level 5. HP: 20/28 MP: 0/13
  3702 | D:4      | HP: 1/28 [wight/+0 dagger (3)]
  3820 | D:3      | Reached XP level 6. HP: 20/32 MP: 5/14
  3913 | D:3      | Slain by a wight

Illustrated notes

Levels and vault maps discovered:
D:1:      spicycebolla_arrival_xxxplode, layout_loops_ring, minivault_27,
          dk_noncrumbling_2
D:2:      layout_rooms, serial_bayou, serial_bayou_pond_b, serial_bayou_ford_a,
          serial_bayou_pond_d, serial_bayou_pond_b, st_stairs_8,
          chequers_serial_rivers_large_a
D:3:      layout_rooms, gammafunk_ghost_nasty_kobolds
D:4:      layout_loops_corners, serial_shops, nicolae_shop_overgrown_old_shop

Skill      XL: |  1  2  3  4  5 |
---------------+----------------+-----
Stealth        | 3 4 |  4.5
Dodging        | 3 4 |  4.2
Conjurations   | 2 3 |  3.2
Fire Magic     | 4 |  4.6
Spellcasting   | 4 |  4.7

Action                     |  1- 3 |  4- 6 || total
---------------------------+-------+-------++-------
  Melee: Unarmed           |     3 |       ||     3
         Short sword       |       |    15 ||    15
   Cast: Foxfire           |   119 |    75 ||   194
         Scorch            |     3 |    20 ||    23
    Use: Scroll            |       |     3 ||     3
 Armour: Robe              |    15 |    33 ||    48
  Dodge: Dodged            |    21 |    37 ||    58
